 Dungeon Crawl Stone Soup version 0.18-a0-1197-g8004e50 (webtiles) character file.

38 M4edhros the Charlatan (level 3, -4/23 HPs)
             Began as an Octopode Artificer on Jan 31, 2016.
             Was an Initiate of Fedhas.
             Killed from afar by an orc wizard (7 damage)
             ... with a magic dart
             ... on level 4 of the Dungeon.
             The game lasted 00:01:26 (1185 turns).

M4edhros the Charlatan (Octopode Artificer)         Turns: 1185, Time: 00:01:28

Health: -4/23      AC:  1    Str: 10    XL:     3   Next: 43%
Magic:  5/5        EV: 12    Int: 15    God:    Fedhas [......]
Gold:   50         SH:  0    Dex: 12    Spells: 0 memorised, 2 levels left

rFire  + . .     SeeInvis .     a - +0 short sword
rCold  + . .     Gourm    .     (no shield)
rNeg   . . .     Faith    .     (helmet restricted)
rPois  +         Spirit   .     (no amulet)
rElec  +         Dismiss  .     (no ring)
rCorr  +         Reflect  .     (no ring)
SustAt .         Harm     .     (no ring)
MR     .....                    (no ring)
Stlth  +++.......               (no ring)
                                (no ring)
                                (no ring)
                                (no ring)

@: resistant, not resistant to hostile enchantments, fairly stealthy
A: almost no armour, amphibious, 8 rings, constrict 8, camouflage 1, gelatinous
body 1
a: Renounce Religion


You were on level 4 of the Dungeon.
You worshipped Fedhas.
Fedhas was noncommittal.
You were hungry.

You visited 2 branches of the dungeon, and saw 5 of its levels.

You collected 50 gold pieces.

Inventory:

Hand Weapons
 a - a +0 short sword (weapon)
Missiles
 e - 26 stones (quivered)
 k - 16 sling bullets
Wands
 b - a wand of flame (15/48)
 c - a wand of enslavement (9/24)
 d - a wand of random effects (15/48)
Scrolls
 g - a scroll of blinking {unknown}
 i - a scroll of noise {unknown}
 j - a scroll of identify {unknown}
Comestibles
 f - a bread ration


   Skills:
 - Level 1.0 Fighting
 - Level 1.0 Short Blades
 * Level 2.6 Dodging
 * Level 3.2 Stealth
 + Level 3.7 Evocations


You had 2 spell levels left.
You didn't know any spells.

Dungeon Overview and Level Annotations

Branches:
Dungeon (4/15)             Temple (1/1) D:4

Altars:
Cheibriados
Dithmenos
Fedhas
Gozag
Makhleb
Nemelex Xobeh
Qazlal
Trog
Vehumet
Yredelemnul
Zin
The Shining One


Innate Abilities, Weirdness & Mutations

You cannot wear most types of armour.
You are amphibious.
You can wear up to eight rings at the same time.
You can use your tentacles to constrict eight enemies at once.
Your skin changes colour to match your surroundings (Stealth).
Your rubbery body absorbs attacks (AC +1).


Message History

Zapping:
c - a wand of enslavement (11/24)
Press: ? - help, Shift-Dir - straight line, f/p - orc wizard
Aim: an orc wizard, wielding a dagger and wearing a robe (moderately wounded, fast, chance to defeat MR: 53%)
The orc wizard resists with significant effort.
This wand has 10 charges left.
The orc wizard hits you but does no damage.
The giant newt bites you but does no damage.
The orc wizard hits you but does no damage.
An orc comes into view.
Evoke which item? (* to show all) (? for menu, Esc to quit)
Zapping:
c - a wand of enslavement (10/24)
Press: ? - help, Shift-Dir - straight line, f/p - orc wizard
Aim: an orc wizard, wielding a dagger and wearing a robe (moderately wounded, fast, chance to defeat MR: 53%)
The orc wizard resists with significant effort.
This wand has 9 charges left.
The orc shouts!
The orc wizard points at you and mumbles some strange words.
The magic dart hits you!
You die...
Fedhas appreciates your contribution to the ecosystem.

..? ........# ..
.......# #. #.....#
#. #.####.##.# #..
#.o.h.h#.# #.###
##.####.## #.##..
#.o# ##.## ##.# #..
###l#####h###.# #..
#.o@..# ##.#..# #..
#.⌠.⌠.# ##.(#.# #..
+.†>..+ ##.###.##..
#.⌠.⌠.#.##.## ##.g..
#.....#.....###g####
###+######...#.## .
h...h.##g## #
##########


You could see an orc wizard, 2 orcs and a giant newt.

Vanquished Creatures
  An adder (D:3)
  An ooze (D:1)
  A giant gecko (D:4)
  3 bats
  4 giant cockroaches
  4 goblins
  2 hobgoblins (D:1)
  2 jackals
  A giant newt (D:1)
  2 kobolds
  2 rats
23 creatures vanquished.

Notes
Turn   | Place    | Note
--------------------------------------------------------------
     0 | D:1      | M4edhros the Octopode Artificer began the quest for the Orb.
     0 | D:1      | Reached XP level 1. HP: 13/13 MP: 3/3
    85 | D:1      | Reached XP level 2. HP: 13/18 MP: 4/4
   362 | D:3      | Reached XP level 3. HP: 12/23 MP: 5/5
   643 | D:4      | Found a staircase to the Ecumenical Temple.
   649 | Temple   | Entered the Ecumenical Temple
  1157 | Temple   | Became a worshipper of Fedhas Madash
  1185 | D:4      | Killed from afar by an orc wizard

Vault maps used:
D:1:      minmay_arrival_cross, serial_bayou, serial_bayou_crossing,
          serial_bayou_pond_e, serial_bayou_pond_a, serial_bayou_pond_d,
          serial_bayou_pond_a
D:2:      lemuel_blue_sif_altar, nicolae_qazlal_style_of_elements, uniq_terence
D:3:      grunt_pakellas_basics, gammafunk_temple_overflow_claw, first_bread
D:4:      lemuel_coloured_pillars_altar, minmay_temple_entry_hall
Temple:   oiseaux_autumnal_temple_12

Action                   || total
-------------------------++-------
Melee: Short sword       ||    41
Evoke: Wand              ||     6
  Use: Potion            ||     1
 Stab: Sleeping          ||    10
